 Dungeon Crawl Stone Soup version 0.30-a0-715-gdb4ae3ece1 (webtiles) character file.

Game seed: 8319819655261725700

929 NinjaNoafa the Chiller (level 8, -3/52 HPs)
             Began as an Octopode Ice Elementalist on Jan 24, 2023.
             Slain by an ice beast (7 damage)
             ... on level 6 of the Dungeon.
             The game lasted 00:10:03 (5007 turns).

NinjaNoafa the Chiller (Octopode Ice Elementalist)  Turns: 5007, Time: 00:10:04

Health: -3/52      AC:  1    Str:  7    XL:     8   Next: 11%
Magic:  11/15      EV: 13    Int: 19    God:
Gold:   276        SH:  0    Dex: 13    Spells: 10/17 levels left

rFire   . . .      SeeInvis .    d - +0 dagger
rCold   . . .      Faith    .    (no shield)
rNeg    . . .      Spirit   .    (helmet restricted)
rPois   .          Reflect  .    (no amulet)
rElec   .          Harm     .    (no ring)
rCorr   .          Rampage  .    (no ring)
Will    .....                    (no ring)
Stlth   +++                      (no ring)
HPRegen 0.28/turn                (no ring)
MPRegen 0.14/turn                (no ring)
                                 (no ring)
                                 (no ring)

@: mighty
A: almost no armour, amphibious, 8 rings, camouflage 1, gelatinous body 1,
(nimble swimmer 1), tentacles
a: no special abilities


You were on level 6 of the Dungeon.
You visited 1 branch of the dungeon, and saw 6 of its levels.

You collected 276 gold pieces.

Inventory:

Hand Weapons
 d - a +0 dagger (weapon)
Missiles
 l - 5 poisoned darts
 m - 5 atropa-tipped darts
 r - 2 curare-tipped darts (quivered)
Scrolls
 e - 2 scrolls of blinking {unknown}
 f - 3 scrolls of teleportation {unknown}
 g - a scroll of magic mapping {unknown}
 h - 3 scrolls of enchant weapon
 i - 2 scrolls of noise {unknown}
 j - a scroll of enchant armour {unknown}
 n - a scroll of fog {unknown}
 q - a scroll of vulnerability {unknown}
 t - a scroll of amnesia {unknown}
Potions
 a - a potion of magic
 b - 8 potions of curing
 c - 2 potions of attraction
 k - 2 potions of resistance
 o - a potion of might
 p - a potion of heal wounds {unknown}
 s - a potion of haste {unknown}


   Skills:
 - Level 3.0 Fighting
 - Level 3.0 Dodging
 - Level 4.0 Stealth
 - Level 5.1 Spellcasting
 + Level 2.6 Summonings
 - Level 6.3 Ice Magic


You had 10 spell levels left.
You knew the following spells:

 Your Spells              Type           Power      Damage    Failure   Level
a - Freeze                Ice            100%       1d10      1%          1
b - Frozen Ramparts       Ice            56%        1d9       2%          3
c - Ozocubu's Armour      Ice            28%        N/A       2%          3

Your spell library contained the following spells:

 Spells                   Type           Power      Damage    Failure   Level
 Beastly Appendage        Tmut           8%         N/A       12%         1
 Wereblood                Tmut           4%         N/A       19%         2
 Summon Ice Beast         Ice/Summ       22%        N/A       19%         4
 Ignite Poison            Fire/Tmut/Pois 4%         N/A       36%         3
 Spider Form              Tmut/Pois      4%         N/A       36%         3
 Sticky Flame             Conj/Fire      4%         2d3       77%         4
 Ignition                 Fire           2%         3d3       100%        8


Dungeon Overview and Level Annotations

Branches:
Dungeon (7/15)
 Temple: D:4-7

Altars:
Qazlal

Portals:
Abyss: D:4

Annotations:
D:2 1 runed translucent door, Crazy Yiuf
D:4 2 transporters, Dowan; Likado's ghost, amateur DsRe


Innate Abilities, Weirdness & Mutations

You cannot wear most types of armour.
You are amphibious.
You can wear up to eight rings at the same time.
Your skin changes colour to match your surroundings (Stealth+).
Your rubbery body absorbs attacks. (AC +1, EV +1)
((You are camouflaged when in or above water. (Stealth+)))
You have tentacles for arms and can constrict up to eight enemies at once.


Message History

Press: ? - help, Q - select action, (/) - cycle Shift-Dir - straight line, f/p - ice beast
Aim: an ice beast (57% to hit)
You throw a curare-tipped dart.
The curare-tipped dart hits the ice beast.
The ice beast hits you.
* * * LOW HITPOINT WARNING * * *
The ice beast freezes you!
* * * LOW HITPOINT WARNING * * *
Throw: 3 darts (curare)
Press: ? - help, Q - select action, (/) - cycle Shift-Dir - straight line, f/p - ice beast
Aim: an ice beast (57% to hit)
You throw a curare-tipped dart.
The curare-tipped dart hits the ice beast.
The ice beast closely misses you.
Press: ? - help, v - describe, . - travel, g - get item
Here: an ice beast Item here: 3 curare-tipped darts.
The floor.
You feel better. The ice beast closely misses you.
It was a potion of might.
You feel very mighty all of a sudden. The ice beast hits you.
* * * LOW HITPOINT WARNING * * *
The ice beast freezes you!
* * * LOW HITPOINT WARNING * * *
You feel better. The ice beast closely misses you.
Okay, then.
You hit the ice beast but do no damage. The ice beast barely misses you.
You barely miss the ice beast. The ice beast hits you.
* * * LOW HITPOINT WARNING * * *
The ice beast freezes you.
* * * LOW HITPOINT WARNING * * *
You feel better.
The ice beast hits you but does no damage.
You hit the ice beast.
The ice beast is lightly wounded.
The ice beast hits you.
* * * LOW HITPOINT WARNING * * *
The ice beast freezes you!
You die...

...+ .># ...######.# #.#
........... #.#
...######.# #.# ##
.......<# ..# .. #'#######
#######.##.# #........
...........#
.#################.#######
)...............@Y........
.......###########.#######
###....# #.# ##<..# #.#
###.## #.# #..# #.# ##.#
####.####### ###'####
#........... #......#
#.##.#######


You could see an ice beast.

Vanquished Creatures
  Sigmund (D:3)
  Edmund (D:4)
  A sky beast (D:6)
  2 necrophages
  A bullfrog (D:6)
  2 hounds
  An orc priest (D:3)
  An iguana (D:7)
  3 orc wizards
  3 gnolls (D:4)
  7 adders
  A shadow imp (D:6)
  A white imp (D:3)
  3 dart slugs
  12 orcs
  3 bats
  5 endoplasms
  A giant cockroach (D:2)
  4 goblins
  6 hobgoblins
  2 jackals (D:2)
  7 quokkas
  3 ball pythons
  2 frilled lizards (D:2)
  7 kobolds
  7 rats
87 creatures vanquished.

Notes
Turn   | Place    | Note
-------+----------+-------------------------------------------
     0 | D:1      | NinjaNoafa the Octopode Ice Elementalist began the quest
                  | for the Orb.
     0 | D:1      | Reached XP level 1. HP: 11/11 MP: 3/3
   232 | D:1      | Reached skill level 1 in Fighting
   232 | D:1      | Reached XP level 2. HP: 14/18 MP: 0/5
   613 | D:2      | Reached XP level 3. HP: 19/24 MP: 1/7
   617 | D:2      | Learned a level 3 spell: Frozen Ramparts
   621 | D:2      | Learned a level 3 spell: Ozocubu's Armour
  1001 | D:2      | Found a stormy altar of Qazlal.
  1544 | D:2      | Reached XP level 4. HP: 21/29 MP: 1/8
  1843 | D:2      | Found a runed translucent door.
  1844 | D:2      | Noticed Crazy Yiuf
  2104 | D:3      | Reached XP level 5. HP: 21/34 MP: 2/9
  2516 | D:3      | Noticed Sigmund
  2527 | D:3      | Killed Sigmund
  2528 | D:3      | Reached XP level 6. HP: 23/42 MP: 1/11
  3229 | D:4      | Found a transporter.
  3233 | D:4      | Found a transporter.
  3239 | D:4      | Reached skill level 5 in Ice Magic
  3262 | D:4      | Found a one-way gate to the infinite horrors of the Abyss.
  3262 | D:4      | Noticed Likado's ghost (amateur DsRe)
  3600 | D:4      | Noticed Edmund
  3609 | D:4      | Killed Edmund
  3610 | D:4      | Reached XP level 7. HP: 10/46 MP: 2/13
  3992 | D:4      | Noticed Dowan
  4076 | D:4      | You fall into a shaft and drop 3 floors!
  4260 | D:6      | Reached skill level 5 in Spellcasting
  4260 | D:6      | Reached skill level 6 in Ice Magic
  4516 | D:6      | Reached skill level 1 in Summonings
  4643 | D:6      | Reached XP level 8. HP: 52/52 MP: 7/15
  5007 | D:6      | Slain by an ice beast

Illustrated notes

Levels and vault maps discovered:
D:1:      saegor_arrival_simple_c, layout_rooms
D:2:      layout_loops_corners, basic_altar, uniq_crazy_yiuf_cottage
D:3:      layout_basic, uniq_sigmund
D:4:      layout_basic, grunt_temple_overflow_magic_moments,
          gammafunk_ghost_abyssal_escape, uniq_duvessa, uniq_blork_the_orc,
          uniq_natasha, uniq_edmund
D:6:      layout_basic, minitemple
D:7:      layout_cave_pools, serial_shops, nicolae_stop_n_shop_1

Skill      XL: |  1  2  3  4  5  6  7  8 |
---------------+-------------------------+-----
Fighting       | 1 2 3 |  3.0
Stealth        | 3 4 |  4.0
Spellcasting   | 3 4 5 |  5.1
Dodging        | 3 |  3.0
Ice Magic      | 5 6 |  6.3
Summonings     | 1 2 |  2.6

Action                     |  1- 3 |  4- 6 |  7- 9 || total
---------------------------+-------+-------+-------++-------
  Melee: Unarmed           |     4 |       |       ||     4
         Dagger            |     5 |    26 |    13 ||    44
         Tentacles         |     3 |     9 |       ||    12
         Constrict         |     2 |     7 |     2 ||    11
  Throw: Dart              |       |       |     3 ||     3
   Cast: Freeze            |    37 |    31 |    33 ||   101
         Frozen Ramparts   |     3 |    14 |    10 ||    27
         Ozocubu's Armour  |       |     6 |     8 ||    14
    Use: Scroll            |       |     4 |       ||     4
         Potion            |       |       |     4 ||     4
   Stab: Sleeping          |       |       |     1 ||     1
 Armour: Skin              |     6 |     8 |    14 ||    28
  Dodge: Dodged            |    40 |    41 |    25 ||   106

Table legend: (Time is in decaauts)
 A = Elapsed time spent in this place.
 B = Non-inter-level travel time spent in this place.
 C = Inter-level travel time spent in this place.
 D = Time resting spent in this place.
 E = Time spent auto-exploring this place.
 F = Levels seen in this place.
 G = Mean time per level.
                   A        B        C        D        E       F      G
               +--------+--------+--------+--------+--------+-----+--------+
         Total |   5005 |   4927 |     78 |      2 |   4164 |   6 |  834.2 |
       Dungeon |   5005 |   4927 |     78 |      2 |   4164 |   6 |  834.2 |
               +--------+--------+--------+--------+--------+-----+--------+

Top non-repeatable levels by time:
     D:2: 1288 daAuts
     D:3: 1178 daAuts
     D:4: 1004 daAuts
     D:6: 769 daAuts
     D:1: 602 daAuts
     D:7: 160 daAuts
